Map: [ESL] Tropical Sacrifice

Players

Kelazhur

  • Race: Terran Terran
  • Spawn Location: 7:00

SpeCial - Winner!

  • Race: Terran Terran
  • Spawn Location: 1:00

Event: DreamHack SC2 Masters 2022 Atlanta (Online)

VOD

Have the link to the VOD?

Description

Time

  • Played on: Oct. 2, 2022, 4:34 p.m.
  • Length: 38:01

All games in this series

Show
View Real Time Build Order
Export as new Build Order

Kelazhur Terran 

Build Orders:  

Get SALT Encoding   

  12  0:00  SCV  
  13  0:12  SCV  
  14  0:17  Supply Depot  
  14  0:24  SCV  
  15  0:39  SCV  
  15  0:40  Barracks  
  16  0:44  Refinery  
  16  0:51  SCV  
  16  0:54  Refinery  
  17  1:03  SCV  
  18  1:15  SCV  
  19  1:27  Reaper, Orbital Command  
  19  1:32  Supply Depot  
  20  1:45  Factory  
  20  1:54  SCV  
  21  2:00  Barracks Reactor  
  21  2:06  SCV  
  22  2:18  SCV  
  23  2:24  Command Center  
  25  2:30  Hellion  
  25  2:33  SCV  
  26  2:37  Reaper  
  26  2:38  Reaper  
  28  2:45  Supply Depot  
  28  2:46  SCV  
  29  2:52  Hellion  
  31  3:00  Starport  
  31  3:06  SCV  
  31  3:09  Reaper  
  31  3:10  Reaper  
  34  3:18  Hellion, SCV  
  37  3:30  SCV  
  38  3:36  Orbital Command  
  38  3:37  Refinery, Starport Tech Lab  
  38  3:39  Factory Tech Lab  
  38  3:42  SCV  
  38  3:44  Marine x2  
  41  3:55  SCV  
  42  3:56  Raven  
  42  4:02  Marine x2  
  46  4:07  SCV  
  44  4:18  Cyclone, SCV  
  44  4:19  Marine x2  
  44  4:20  SCV  
  50  4:30  SCV  
  49  4:34  SCV  
  49  4:37  Marine x2  
  52  4:40  Supply Depot  
  53  4:46  Raven  
  53  4:50  Command Center  
  54  5:02  SCV x2, Siege Tank, Marine x2  
  61  5:07  Supply Depot  
  61  5:16  SCV  
  62  5:22  Supply Depot  
  62  5:26  SCV  
  62  5:29  SCV  
  62  5:34  Barracks  
  62  5:35  Barracks  
  62  5:36  Supply Depot, Siege Tank  
  62  5:38  SCV  
  62  5:39  Viking x2  
  70  5:43  SCV  
  70  5:49  Stimpack  
  71  5:50  SCV, Marine  
  71  5:55  SCV  
  74  5:59  Supply Depot  
  70  6:04  Orbital Command  
  70  6:08  Siege Tank  
  70  6:09  Viking  
  75  6:13  Viking  
  75  6:15  SCV  
  75  6:16  SCV  
  76  6:26  Orbital Command  
  76  6:28  SCV  
  76  6:29  Barracks Reactor x2  
  76  6:31  SCV  
  78  6:34  Marine  
  79  6:40  SCV  
  79  6:42  Siege Tank  
  83  6:50  SCV  
  84  6:56  SCV  
  84  7:00  SCV, Barracks  
  86  7:01  Engineering Bay  
  86  7:02  Barracks, SCV  
  86  7:03  Engineering Bay  
  85  7:08  SCV  
  85  7:09  Marine x2  
  85  7:10  Marine  
  85  7:12  SCV  
  85  7:13  Viking, Marine  
  85  7:14  Siege Tank  
  85  7:15  SCV  
  83  7:17  Marine  
  83  7:20  SCV  
  83  7:24  SCV  
  83  7:26  Marine  
  83  7:27  SCV  
  83  7:29  Viking  
  87  7:32  SCV  
  87  7:34  Supply Depot  
  87  7:36  SCV  
  89  7:37  Marine x2  
  89  7:39  SCV  
  89  7:40  Refinery  
  89  7:42  Combat Shield  
  89  7:43  Sensor Tower  
  92  7:44  SCV  
  92  7:48  SCV  
  92  7:51  SCV  
  95  7:54  Marine  
  95  7:55  Barracks Reactor x2  
  95  7:56  SCV  
  97  7:58  Marine x3  
  97  7:59  Refinery  
  97  8:00  Refinery, SCV  
  97  8:03  Supply Depot  
  97  8:04  SCV  
  102  8:08  Terran Infantry Weapons Level 1  
  102  8:09  SCV  
  102  8:11  Marine  
  104  8:13  SCV  
  104  8:16  Supply Depot  
  104  8:17  Marine x4  
  109  8:22  Supply Depot  
  109  8:24  Siege Tank  
  109  8:26  SCV x2  
  114  8:29  Marine  
  114  8:32  Medivac  
  117  8:34  Marine  
  117  8:35  Marine x5  
  117  8:36  Marine  
  117  8:37  SCV  
  117  8:38  SCV  
  117  8:40  Supply Depot  
  126  8:45  Supply Depot, Marine  
  126  8:47  Armory  
  127  8:52  Medivac  
  128  8:55  Missile Turret  
  128  8:58  Siege Tank  
  128  9:00  Marine  
  128  9:01  Supply Depot x2  
  128  9:02  Medivac, Marine x2  
  136  9:06  Marine  
  136  9:16  Marine x3  
  138  9:19  Marine  
  138  9:20  Marauder, Marine  
  138  9:23  Command Center  
  142  9:25  Supply Depot  
  142  9:27  Terran Infantry Armor Level 1  
  142  9:28  Marine x3  
  145  9:39  Siege Tank  
  145  9:40  Marine x5  
  145  9:41  Medivac  
  143  9:55  Marine  
  143  9:57  Marine x2  
  143  9:58  Marine x6  
  126  10:01  SCV  
  126  10:04  SCV  
  126  10:05  SCV  
  126  10:06  Terran Infantry Weapons Level 2  
  126  10:11  Siege Tank  
  126  10:12  Marine  
  126  10:13  SCV  
  131  10:15  Marine  
  131  10:17  SCV, Viking  
  131  10:18  Viking  
  131  10:19  SCV  
  131  10:21  Marine  
  138  10:25  SCV  
  138  10:27  Marine  
  141  10:32  Supply Depot  
  141  10:33  Marine x7  
  148  10:37  Orbital Command  
  148  10:39  SCV, Marine  
  150  10:45  Marine  
  151  10:50  Marine  
  151  10:51  Marine x5  
  151  10:52  Siege Tank  
  160  10:59  Marine x2  
  160  11:03  Marine  
  163  11:06  Factory  
  153  11:21  Viking x2, Marine x2  
  153  11:24  Siege Tank, Marine  
  153  11:25  Marine x6  
  162  11:28  SCV x4  
  162  11:29  Refinery  
  166  11:33  Terran Infantry Armor Level 2  
  166  11:35  Sensor Tower  
  166  11:39  Marine x2  
  168  11:43  SCV  
  169  11:48  SCV  
  169  11:52  Viking  
  172  11:56  Siege Tank  
  172  11:57  Refinery  
  172  12:00  Factory Tech Lab  
  172  12:01  Marine  
  176  12:13  Marine x7  
  183  12:19  Barracks, Command Center  
  183  12:20  Barracks x2  
  183  12:21  Starport  
  183  12:23  Siege Tank, Starport  
  183  12:28  Siege Tank  
  183  12:29  Command Center  
  189  12:30  Terran Infantry Weapons Level 3  
  189  12:37  Command Center  
  189  12:41  Marine  
  189  12:47  Marine  
  170  12:53  Marine x2  
  170  12:55  Siege Tank  
  170  12:57  Medivac x2  
  165  13:00  Siege Tank  
  165  13:01  Marine  
  149  13:14  Marine  
  144  13:27  Marine  
  144  13:28  Command Center, Barracks Tech Lab x3  
  144  13:29  Command Center, Starport Tech Lab  
  144  13:30  Starport Tech Lab  
  144  13:32  Siege Tank  
  151  13:34  Medivac x2  
  151  13:38  Marine x8  
  163  13:45  Marine  
  163  13:48  Concussive Shells  
  163  13:50  Marauder x3  
  163  13:52  Orbital Command  
  163  13:53  Orbital Command  
  163  13:55  Factory Tech Lab  
  166  13:56  Orbital Command, Marine x2  
  166  13:57  Marine x3  
  166  13:58  Marauder, Marine x2  
  175  14:03  Marine  
  175  14:05  Viking  
  175  14:06  Viking  
  175  14:08  Siege Tank  
  183  14:10  Raven x2, Marine  
  183  14:11  Marine x2  
  183  14:13  Marine  
  183  14:14  SCV x4, Marine  
  183  14:15  Marine x4  
  200  14:18  Terran Infantry Armor Level 3  
  200  14:20  Terran Vehicle Weapons Level 1  
  200  14:35  Marine  
  199  14:45  Starport  
  198  14:46  Starport  
  198  14:48  Viking  
  200  14:55  Armory  
  199  15:05  Marine x7  
  198  15:07  Hi-Sec Auto Tracking  
  198  15:11  Viking x2  
  198  15:12  Siege Tank, Marine x2  
  198  15:13  Marine x3  
  181  15:14  Siege Tank  
  181  15:17  Orbital Command x2  
  172  15:22  Marine  
  172  15:23  Marine x2  
  172  15:27  Marine  
  172  15:28  Marine x3  
  175  15:29  Marine  
  175  15:30  SCV x3, Marine  
  175  15:31  Marine x3  
  175  15:34  Viking  
  181  15:44  Siege Tank  
  181  15:48  Raven x2, Marauder  
  190  15:52  Terran Vehicle And Ship Armor Level 1  
  190  15:55  Missile Turret x2  
  190  15:57  Missile Turret  
  190  16:00  Viking x2  
  190  16:01  Viking  
  196  16:04  Neosteel Armor  
  196  16:07  Fusion Core  
  196  16:16  Missile Turret, Siege Tank  
  183  16:20  Marine x11  
  183  16:25  Siege Tank, Marine  
  142  16:30  Raven  
  135  16:37  Viking, Marine  
  135  16:38  Marauder, Marine  
  129  16:44  Marine  
  129  16:45  Marauder, Marine x4  
  136  16:48  Siege Tank  
  139  16:57  Siege Tank, Marine  
  139  16:58  Marauder, Marine x3  
  139  16:59  Marine  
  149  17:02  Marine x2  
  149  17:03  Viking, Marine x3  
  149  17:04  Viking  
  156  17:18  Marine  
  156  17:19  Marauder  
  156  17:20  Siege Tank  
  156  17:24  Marine x6  
  156  17:25  Marauder  
  156  17:27  Marine x2  
  156  17:28  Marine  
  156  17:29  Siege Tank  
  160  17:36  Marine  
  161  17:40  Marauder  
  161  17:42  Marine x3  
  166  17:47  Orbital Command  
  166  17:48  Orbital Command  
  166  17:49  Orbital Command  
  166  17:53  Siege Tank, Marauder  
  166  17:57  Marine  
  174  17:58  Marauder  
  174  18:01  Siege Tank  
  179  18:06  Marauder  
  163  18:20  Marauder  
  163  18:21  Marauder  
  163  18:23  Marine  
  163  18:25  Marine  
  137  18:29  Orbital Command  
  137  18:32  Marauder  
  113  18:36  Marine x3  
  116  18:42  Marine  
  117  18:53  Marine  
  117  18:54  Marauder  
  120  18:56  Raven x2  
  120  18:57  Starport Tech Lab x2  
  120  18:58  Medivac x2  
  128  19:03  Marauder x2  
  128  19:07  Siege Tank  
  128  19:08  Marine  
  136  19:14  SCV x3, Marine x7  
  136  19:15  Orbital Command  
  146  19:18  Sensor Tower  
  146  19:20  SCV, Marine  
  147  19:27  Siege Tank, Marauder  
  147  19:28  Marauder, Marine  
  147  19:29  Marine  
  154  19:32  Marine  
  154  19:36  Marine  
  150  19:38  Marauder  
  150  19:39  Raven  
  150  19:42  Marine  
  150  19:43  Siege Tank  
  148  19:47  Marauder  
  148  19:49  Marauder x2  
  148  19:52  Marine x5  
  148  19:53  Marine  
  148  19:59  Siege Tank  
  149  20:00  Marauder, Marine  
  149  20:01  Marine  
  151  20:08  Viking  
  151  20:09  Marauder  
  151  20:10  Viking, Marauder  
  159  20:18  Marine  
  159  20:19  Siege Tank  
  159  20:20  Marine x2  
  165  20:21  Marine  
  165  20:22  Marine  
  165  20:23  Marauder, Marine  
  165  20:24  SCV x3  
  165  20:25  SCV  
  174  20:31  Marauder, Marine x4  
  174  20:32  SCV  
  174  20:33  SCV  
  182  20:41  Siege Tank  
  184  20:51  Marauder, Marine, Siege Tank  
  190  20:59  Marauder, Marine x9  
  192  21:07  Medivac x2  
  192  21:09  Marine  
  188  21:12  Marine  
  188  21:13  Siege Tank  
  188  21:16  Marine  
  188  21:17  Marauder x2, Marine x4  
  197  21:23  Marine  
  197  21:24  Marauder  
  193  21:28  Viking  
  193  21:30  Marauder  
  197  21:39  Marauder  
  199  21:55  Marine  
  200  22:07  Orbital Command  
  177  22:09  Marauder  
  177  22:11  Marine  
  177  22:12  Marauder  
  177  22:13  Marine  
  180  22:17  Marauder  
  180  22:20  Marauder, Marine  
  180  22:21  Siege Tank  
  186  22:27  Marine  
  185  22:30  Marauder  
  185  22:33  Marauder  
  189  22:42  Marauder  
  189  22:44  Marauder, Marine  
  181  22:45  Marine  
  181  22:50  Marine  
  162  22:51  Marauder  
  162  22:55  Marauder, Marine  
  162  22:56  Marine x2  
  134  23:03  Marauder  
  136  23:07  Marauder  
  138  23:14  Medivac x2  
  138  23:15  Marine x4  
  138  23:16  Marine  
  138  23:17  Siege Tank  
  150  23:25  Marauder, Orbital Command  
  150  23:27  Marauder  
  133  23:30  Marine  
  125  23:37  Marine  
  125  23:38  Marauder  
  114  23:41  Marauder  
  114  23:44  Viking x3  
  108  23:48  Marine  
  108  23:50  Marine x2  
  108  23:51  Marine  
  108  23:52  SCV x2  
  114  24:04  Marine x7  
  114  24:05  Marine  
  121  24:12  Marine  
  121  24:13  Marine  
  110  24:22  Marauder x3  
  109  24:24  Marine  
  109  24:25  Marine x6  
  109  24:30  Marine  
  115  24:31  Marine  
  116  24:41  Orbital Command  
  115  24:49  Marine  
  106  24:53  Marine x2  
  108  25:06  Marine x3  
  109  25:07  Marine  
  109  25:09  Marine  
  109  25:10  Marine  
  109  25:14  Marine x5  
  112  25:15  SCV  
  112  25:19  Marine  
  113  25:36  Marine x2  
  105  25:51  Marine  
  105  25:52  Marine  
  105  25:55  SCV x2, Orbital Command  
  104  25:57  Orbital Command  
  104  25:58  Marine  
  104  26:00  Refinery x2  
  104  26:03  Marine  
  105  26:07  SCV x2, Marine x2  
  105  26:08  Marine  
  110  26:19  SCV x2  
  110  26:23  Marine x4  
  110  26:24  Marine  
  117  26:27  SCV x2  
  117  26:31  SCV  
  120  26:34  SCV  
  120  26:39  Marine  
  125  26:40  Marauder x2  
  125  26:43  Marauder  
  128  26:51  Marine  
  128  26:52  SCV x2, Marauder  
  133  26:55  SCV  
  133  26:57  SCV  
  135  27:05  Medivac  
  137  27:10  SCV x3  
  137  27:11  SCV  
  141  27:18  Marine  
  141  27:19  Marauder x2  
  141  27:21  Marauder  
  141  27:22  SCV  
  151  27:23  Marauder  
  150  27:40  Marine x6  
  150  27:41  Marauder x2  
  150  27:42  Marine  
  150  27:44  Refinery  
  161  27:45  SCV  
  161  27:46  SCV  
  161  27:50  Marauder  
  165  27:53  Siege Tank  
  165  27:55  Marauder  
  165  28:06  Marauder  
  165  28:08  Orbital Command, Marine, Marauder  
  165  28:10  Marine x2  
  169  28:16  Siege Tank  
  160  28:20  Marauder, Marine  
  160  28:26  Marauder  
  154  28:27  Marine  
  154  28:28  Marine  
  154  28:29  Marine  
  132  28:41  Marauder x2  
  132  28:45  Marauder  
  132  28:48  Marine x2  
  124  28:55  Marauder  
  124  28:59  Marine  
  124  29:01  Marine  
  126  29:06  Marauder  
  113  29:13  Marauder  
  113  29:14  SCV x2  
  117  29:21  Marauder  
  117  29:22  Marine  
  117  29:23  Marine  
  119  29:27  Marauder  
  119  29:31  Marauder  
  122  29:34  Marauder, Marine  
  122  29:37  Medivac  
  127  29:42  Medivac  
  127  29:48  Orbital Command  
  127  29:50  Marauder  
  128  29:54  Marauder  
  128  29:58  Marine  
  128  29:59  Marauder, Marine x3  
  136  30:00  Marine  
  136  30:01  Marine  
  136  30:05  Marine  
  139  30:07  Marine x2  
  139  30:13  Viking  
  143  30:20  Marine  
  143  30:21  SCV x2  
  143  30:25  SCV  
  146  30:30  Refinery  
  146  30:33  SCV  
  146  30:42  SCV  
  152  30:47  SCV  
  153  30:54  Viking x2  
  152  30:59  Viking  
  155  31:04  SCV x3  
  154  31:16  Refinery, SCV x3  
  154  31:17  Refinery  
  157  31:19  Refinery  
  157  31:20  Viking  
  159  31:28  SCV  
  159  31:31  Marine x2  
  159  31:32  Viking  
  164  31:33  SCV x2  
  166  31:41  Marine  
  166  31:45  Viking  
  166  31:46  Marine  
  170  31:50  Marine  
  170  31:53  SCV x3  
  174  31:54  Viking  
  174  31:59  Supply Depot  
  176  32:02  Viking  
  175  32:11  Viking x2  
  178  32:16  Viking  
  178  32:21  SCV  
  180  32:28  Viking  
  183  32:33  Viking  
  183  32:34  Viking  
  185  32:42  Viking  
  187  32:51  Liberator  
  189  33:11  Command Center  
  189  33:31  Liberator, Viking, SCV x2  
  189  33:33  Viking  
  196  33:38  Liberator  
  194  33:48  Supply Depot  
  194  33:49  Liberator  
  194  33:50  Advanced Ballistics  
  197  34:10  Viking  
  197  34:14  Viking  
  197  34:16  Viking  
  197  34:17  Viking  
  197  34:35  Marauder  
  197  34:36  Marauder x2  
  170  34:40  Marauder  
  170  34:41  Marine  
  132  34:47  Marine  
  132  34:51  Siege Tank  
  136  34:56  Marauder  
  136  34:57  Marauder x2  
  136  34:59  Siege Tank  
  145  35:01  Marauder  
  145  35:02  Marine  
  145  35:04  Marine  
  145  35:05  Marine  
  137  35:07  Marine  
  132  35:16  SCV x3  
  132  35:18  Marauder x2  
  132  35:19  Marauder  
  137  35:23  Marauder  
  128  35:35  SCV x2  
  130  35:43  SCV  
  130  35:47  SCV  
  132  35:51  Raven  
  134  36:03  SCV, Raven  
  137  36:06  SCV  
  138  36:11  SCV  
  139  36:24  SCV x4  
  143  36:31  Marine  
  144  36:34  Siege Tank  
  144  36:36  Raven  
  149  36:43  Raven  
  151  36:50  Raven  
  152  36:54  Raven  
  151  37:14  SCV  
  151  37:15  SCV  
  150  37:22  Marine x6  
  156  37:26  SCV  
  156  37:27  SCV  
  146  37:32  Marauder  
  129  37:39  SCV  
Show
View Real Time Build Order
Export as new Build Order

SpeCial Terran - Winner!

Build Orders: Mech 

Get SALT Encoding   

  12  0:00  SCV  
  13  0:12  SCV  
  14  0:17  Supply Depot  
  14  0:24  SCV  
  15  0:39  SCV  
  15  0:40  Barracks  
  16  0:44  Refinery  
  16  0:51  SCV  
  16  0:54  Refinery  
  17  1:03  SCV  
  18  1:15  SCV  
  19  1:27  Reaper, Orbital Command  
  20  1:32  Supply Depot  
  20  1:46  Factory  
  21  1:54  SCV  
  21  1:59  Reaper  
  22  2:06  SCV  
  23  2:18  SCV  
  24  2:27  Command Center  
  24  2:31  Hellion  
  24  2:34  Reaper  
  27  2:37  SCV  
  27  2:44  Supply Depot  
  28  2:49  SCV  
  29  2:53  Starport  
  29  2:57  Widow Mine  
  31  3:05  SCV  
  32  3:07  Barracks Tech Lab  
  32  3:17  SCV  
  32  3:18  Factory Tech Lab  
  33  3:23  Refinery  
  33  3:29  SCV  
  34  3:36  Raven  
  34  3:41  SCV, Orbital Command  
  36  3:47  Cyclone  
  40  3:54  SCV  
  41  4:01  Command Center  
  38  4:15  Marine  
  35  4:26  SCV  
  35  4:27  SCV  
  35  4:28  Raven  
  39  4:35  Cyclone  
  41  4:39  SCV x2  
  41  4:44  Barracks Reactor  
  43  4:51  SCV  
  44  4:53  SCV  
  44  4:56  Refinery  
  45  5:03  SCV  
  45  5:05  SCV  
  48  5:14  Orbital Command  
  48  5:15  SCV  
  48  5:17  SCV  
  48  5:19  Raven  
  49  5:22  Marine x2  
  49  5:30  SCV x2  
  51  5:37  Siege Tank  
  51  5:38  Engineering Bay  
  51  5:40  SCV, Marine x2  
  57  5:43  SCV  
  57  5:47  SCV  
  57  5:48  Orbital Command  
  59  5:55  SCV  
  59  5:56  Supply Depot  
  60  5:59  SCV  
  59  6:07  SCV  
  59  6:09  Siege Tank  
  63  6:11  SCV  
  63  6:13  Viking x2  
  63  6:17  Marine  
  69  6:19  SCV x2  
  69  6:20  Missile Turret  
  69  6:23  SCV  
  72  6:31  SCV x2  
  74  6:36  SCV  
  75  6:40  Factory  
  75  6:41  Factory  
  75  6:43  SCV  
  75  6:44  Supply Depot, SCV  
  75  6:45  Supply Depot  
  77  6:48  Viking, SCV  
  76  6:55  SCV  
  77  7:06  Viking, Siege Tank, SCV x2  
  77  7:07  SCV  
  77  7:18  SCV x2  
  77  7:19  SCV  
  77  7:21  Viking  
  82  7:24  Barracks Reactor  
  82  7:30  SCV x2  
  82  7:31  SCV  
  85  7:38  Siege Tank x2  
  85  7:42  Refinery, SCV x2  
  93  7:46  Sensor Tower  
  93  7:48  Supply Depot, Refinery  
  93  7:49  SCV  
  94  7:54  SCV x2  
  94  7:57  Viking  
  98  7:58  Viking  
  98  8:01  SCV  
  101  8:07  Armory  
  101  8:08  Armory  
  101  8:10  SCV x2  
  101  8:12  Supply Depot  
  103  8:13  SCV  
  103  8:18  Supply Depot  
  104  8:20  Hellion x2  
  104  8:26  SCV  
  117  8:34  SCV x2, Siege Tank x2  
  117  8:36  Command Center, Infernal Pre-Igniter  
  117  8:47  Hellion x2  
  121  8:51  SCV x3  
  122  8:57  Terran Vehicle Weapons Level 1, Terran Vehicle And Ship Armor Level 1  
  122  9:03  SCV, Factory  
  122  9:04  Factory  
  123  9:10  Supply Depot  
  123  9:11  Supply Depot, SCV  
  123  9:14  Missile Turret  
  123  9:15  Missile Turret  
  124  9:17  Supply Depot  
  124  9:18  Siege Tank  
  124  9:19  Hellion x2  
  131  9:24  SCV x2  
  133  9:31  Missile Turret  
  133  9:32  Siege Tank  
  136  9:39  Viking  
  136  9:40  Viking  
  140  9:48  SCV  
  140  9:50  Siege Tank  
  138  9:53  Hellion  
  138  9:55  Hellion  
  138  9:57  SCV  
  121  10:04  Factory Tech Lab, Siege Tank  
  121  10:05  Factory Reactor  
  119  10:09  SCV x3, Viking  
  119  10:10  Viking  
  119  10:13  Refinery x2  
  126  10:15  Hellion  
  126  10:16  Hellion  
  129  10:22  SCV, Siege Tank  
  131  10:35  Siege Tank  
  134  10:36  Hellion, Siege Tank  
  134  10:38  Hellion  
  134  10:39  Viking  
  134  10:40  Viking  
  145  10:46  Hellion x2  
  149  10:51  SCV x3  
  149  10:55  Siege Tank  
  149  10:56  Terran Vehicle Weapons Level 2  
  154  10:57  Hellion  
  154  10:59  Hellion  
  158  11:07  Siege Tank  
  158  11:08  Siege Tank  
  162  11:14  Hellion x2  
  157  11:18  Viking x2  
  157  11:23  Planetary Fortress  
  159  11:25  SCV x3  
  159  11:27  Missile Turret, Siege Tank  
  164  11:33  Command Center, Refinery  
  164  11:35  Refinery  
  164  11:36  Hellion  
  164  11:37  Hellion  
  168  11:40  Hellion  
  170  11:48  Supply Depot  
  170  11:50  Supply Depot  
  170  11:51  Supply Depot  
  172  12:01  Supply Depot  
  172  12:07  Viking  
  172  12:08  Hellion x2  
  172  12:09  Liberator, Hellion  
  172  12:10  Hellion  
  172  12:14  Thor x2  
  182  12:20  Sensor Tower  
  182  12:24  Thor  
  186  12:40  Hellion  
  186  12:41  Hellion x3  
  194  12:50  Viking  
  167  12:57  Siege Tank x2  
  158  13:00  SCV  
  158  13:04  SCV  
  158  13:05  Hellion  
  146  13:07  Siege Tank  
  146  13:09  SCV  
  140  13:23  Viking x2  
  140  13:25  Hellion  
  146  13:29  Siege Tank x2  
  146  13:31  Orbital Command  
  152  13:34  SCV x2  
  152  13:39  Siege Tank  
  157  13:42  SCV  
  157  13:46  Hellion x3, SCV  
  157  13:47  SCV  
  166  13:54  Viking  
  168  13:59  Viking, Missile Turret  
  168  14:01  Siege Tank x2  
  176  14:07  SCV x3  
  176  14:08  SCV  
  180  14:11  Sensor Tower  
  180  14:13  Refinery x2  
  180  14:24  Viking  
  182  14:29  Viking  
  182  14:30  Siege Tank  
  187  14:33  Hellion  
  187  14:34  Hellion  
  187  14:38  Missile Turret  
  191  14:41  Planetary Fortress  
  191  14:42  SCV x2  
  191  14:54  Viking  
  191  14:57  Hellion x3  
  199  15:09  Siege Tank  
  180  15:14  Viking  
  178  15:23  Liberator, Siege Tank  
  178  15:24  Hellion  
  178  15:25  Hellion  
  188  15:29  Refinery  
  188  15:31  Terran Vehicle Weapons Level 3, Terran Vehicle And Ship Armor Level 2  
  185  15:44  Liberator  
  188  15:53  Refinery  
  188  15:54  Siege Tank  
  188  15:55  Missile Turret  
  188  15:56  Hellion x2  
  195  16:16  Missile Turret  
  195  16:17  Viking  
  195  16:20  Siege Tank  
  195  16:21  Siege Tank  
  188  16:27  Viking, Siege Tank  
  188  16:32  Smart Servos  
  187  16:33  Hellion  
  189  16:40  Hellion  
  189  16:41  Hellion  
  193  16:47  Viking  
  193  16:52  Command Center  
  195  16:57  Hellion x2  
  196  17:03  Hellion x2  
  196  17:20  Siege Tank  
  196  17:23  Siege Tank  
  196  17:33  Factory  
  196  17:52  Factory  
  196  17:54  Factory  
  196  18:01  Hellion x2  
  196  18:03  Viking, Siege Tank  
  199  18:06  Viking  
  199  18:07  Hellion x2  
  199  18:08  Orbital Command  
  199  18:09  Siege Tank  
  199  18:11  Siege Tank  
  181  18:22  SCV, Hellion  
  181  18:23  Hellion  
  181  18:24  SCV  
  147  18:27  SCV  
  147  18:28  Hellion  
  147  18:29  Hellion  
  147  18:32  Orbital Command  
  147  18:33  Viking  
  150  18:35  SCV x2, Siege Tank  
  150  18:36  SCV  
  150  18:40  Hellion x7  
  150  18:41  SCV  
  157  18:47  SCV x2, Siege Tank, Hellion x3  
  157  18:48  Sensor Tower  
  168  18:50  Hellion  
  168  18:52  SCV  
  168  18:53  SCV  
  172  19:08  Siege Tank  
  175  19:16  Thor  
  181  19:18  Hellion  
  183  19:25  SCV x3  
  183  19:26  SCV  
  182  19:33  Liberator  
  185  19:41  Hellion  
  179  19:47  SCV  
  176  19:59  SCV x2  
  164  20:00  SCV x2  
  164  20:01  SCV  
  164  20:10  Hellion x3  
  171  20:14  SCV  
  171  20:25  Siege Tank  
  174  20:33  SCV x3  
  177  20:41  Hellion x2  
  180  20:54  Siege Tank  
  177  21:00  SCV x2  
  177  21:03  Siege Tank  
  177  21:04  Hellion  
  181  21:06  SCV  
  180  21:12  Hellion  
  180  21:17  SCV  
  177  21:19  Hellion  
  177  21:31  Siege Tank  
  177  21:32  Hellion  
  180  21:49  Liberator x2  
  184  22:04  Siege Tank  
  184  22:08  Hellion x9  
  176  22:22  Siege Tank  
  173  22:23  Hellion, Orbital Command  
  171  22:30  SCV  
  171  22:32  Liberator  
  192  22:44  Orbital Command  
  171  22:50  Orbital Command  
  159  22:54  Siege Tank x2  
  159  22:56  Hellion  
  161  22:59  Hellion  
  163  23:11  Hellion x3  
  167  23:18  Hellion  
  167  23:26  Siege Tank  
  149  23:28  Hellion, Siege Tank  
  151  23:39  Siege Tank  
  151  23:40  Hellion x2  
  156  23:46  Hellion  
  150  23:53  Hellion  
  146  23:59  Hellion  
  145  24:07  Viking x2  
  149  24:13  Siege Tank  
  150  24:32  Hellion  
  150  24:37  Viking x2  
  150  24:38  Siege Tank  
  159  24:39  Hellion  
  159  24:45  SCV x2, Orbital Command  
  161  25:02  Siege Tank  
  161  25:06  Hellion x2  
  164  25:12  Supply Depot  
  164  25:13  Sensor Tower  
  160  25:34  Viking, Siege Tank  
  156  25:36  Viking  
  156  25:38  Hellion x3  
  159  25:42  Siege Tank  
  142  25:54  Hellion x2  
  134  26:04  Viking, Hellion  
  136  26:05  Hellion  
  136  26:06  Viking  
  136  26:09  Refinery  
  133  26:34  Viking  
  133  26:36  Viking  
  133  26:37  Orbital Command  
  137  26:43  Hellion  
  137  26:44  Hellion x3, Sensor Tower  
  137  26:45  Hellion  
  143  26:48  Siege Tank  
  142  26:59  Siege Tank  
  145  27:05  Refinery  
  145  27:06  Refinery  
  145  27:11  Viking  
  149  27:15  Hellion  
  149  27:20  Hellion x2  
  153  27:27  Viking  
  155  27:32  Hellion  
  157  27:40  Siege Tank  
  160  27:46  Supply Depot  
  160  27:48  Hellion x2  
  164  28:07  Siege Tank  
  167  28:19  Siege Tank  
  167  28:22  Hellion  
  154  28:30  Hellion  
  154  28:31  Hellion  
  155  28:47  Hellion  
  152  28:55  Hellion  
  152  28:56  Hellion x2  
  154  29:03  Orbital Command  
  140  29:10  Siege Tank  
  140  29:11  Hellion  
  140  29:15  Hellion  
  131  29:38  Hellion  
  131  29:39  Hellion, Siege Tank  
  131  29:45  Hellion  
  138  29:47  Hellion x2  
  138  29:52  Hellion  
  140  29:57  Sensor Tower  
  136  30:05  Hellion  
  140  30:07  Hellion  
  140  30:16  Orbital Command  
  140  30:19  Siege Tank  
  140  30:20  Hellion  
  145  30:36  Missile Turret x2  
  145  30:42  Siege Tank  
  145  30:47  Hellion  
  150  30:50  Siege Tank  
  150  30:52  Hellion  
  150  30:55  Hellion  
  262  31:04  Viking  
  155  31:09  Viking  
  157  31:12  Hellion  
  157  31:13  Refinery  
  157  31:14  Refinery  
  157  31:17  Hellion  
  159  31:28  Hellion x2  
  163  31:35  Siege Tank  
  165  31:43  Supply Depot  
  165  31:44  Hellion  
  165  31:51  Supply Depot  
  165  31:52  Supply Depot, Missile Turret  
  165  32:05  Liberator, Hellion x2  
  172  32:16  Command Center  
  172  32:19  Hellion x2  
  164  32:30  Thor  
  164  32:35  Hellion  
  172  32:40  Missile Turret  
  168  32:45  Viking  
  170  32:52  Viking  
  170  32:54  Hellion x5  
  172  32:58  Hellion  
  172  33:01  Hellion  
  174  33:14  Thor  
  180  33:27  Viking x2  
  182  33:39  Hellion  
  163  33:50  Refinery  
  163  33:53  Refinery  
  163  33:54  Missile Turret  
  163  33:55  Missile Turret  
  163  34:01  Missile Turret  
  163  34:05  Hellion x3  
  163  34:08  Hellion  
  169  34:21  Thor  
  171  34:25  SCV x2  
  171  34:26  SCV  
  174  34:36  Hellion  
  159  34:40  Thor  
  159  34:45  Widow Mine  
  155  34:50  Drilling Claws  
  155  35:05  Viking x2  
  156  35:08  Hellion  
  156  35:12  Planetary Fortress  
  158  35:17  Hellion  
  160  35:25  Thor  
  160  35:28  Hellion  
  158  35:40  Thor  
  158  35:41  Hellion  
  158  35:42  Hellion  
  168  35:45  Hellion  
  170  35:55  Hellion  
  172  35:58  Hellion  
  172  36:02  Hellion  
  176  36:06  Widow Mine  
  176  36:07  Widow Mine  
  176  36:09  Widow Mine  
  180  36:17  Widow Mine, Sensor Tower  
  182  36:19  Viking, Hellion  
  184  36:27  Siege Tank  
  184  36:30  Hellion, Siege Tank  
  192  36:38  Hellion  
  194  36:45  Siege Tank  
  195  36:57  Missile Turret  
  195  36:58  Sensor Tower  
  195  37:25  Hellion  
  195  37:26  Hellion x2  
  195  37:27  Hellion, Siege Tank  
  195  37:28  Hellion  
  190  37:31  Missile Turret  
Tags
 
Add a new tag
Caveats
  • Supply blocks, unpowered buildings, or Contaminate may cause inaccurate times.
  • Supply counts are checked every 10 seconds.